 Dungeon Crawl Stone Soup version 0.21.1-1-g345015f (webtiles) character file.

350 Leafsnail the Chucker (level 6, -5/47 HPs)
             Began as a Formicid Hunter on Feb 24, 2018.
             Was a Follower of Uskayaw.
             Splashed by Ijyb's acid (11 damage)
             ... on level 3 of the Dungeon.
             The game lasted 00:10:16 (3059 turns).

Leafsnail the Chucker (Formicid Hunter)             Turns: 3059, Time: 00:10:18

Health: -5/47      AC:  4    Str: 18    XL:     6   Next: 92%
Magic:  6/6        EV: 10    Int: 11    God:    Uskayaw [*.....]
Gold:   245        SH:  0    Dex: 11    Spells: 5/5 levels left

rFire    . . .     SeeInvis +   a - +1 short sword
rCold    . . .     Gourm    .   (no shield)
rNeg     . . .     Faith    .   j - +1 scale mail {rPois}
rPois    +         Spirit   .   (helmet unavailable)
rElec    .         Reflect  .   (no cloak)
rCorr    .         Harm     .   (no gloves)
MR       .....                  o - +0 pair of boots
Stlth    ..........             (no amulet)
HPRegen  0.15/turn              (no ring)
MPRegen  0.10/turn              (no ring)

@: corroded
A: permanent stasis, dig shafts and tunnels, four strong arms, antennae 3
a: Dig, Shaft Self, Stomp, Renounce Religion


You were on level 3 of the Dungeon.
You worshipped Uskayaw.
Uskayaw was noncommittal.
You were not hungry.

You visited 1 branch of the dungeon, and saw 3 of its levels.

You collected 245 gold pieces.

Inventory:

Hand Weapons
 a - a +1 short sword (weapon)
 b - a +0 hunting sling
Missiles
 c - 6 javelins (quivered)
 h - 108 stones
 i - 24 sling bullets
Armour
 j - a +1 scale mail of poison resistance (worn)
 o - a +0 pair of boots (worn)
Jewellery
 d - an uncursed amulet of guardian spirit {unknown}
 n - an uncursed ring of magical power {unknown}
Scrolls
 s - a scroll of remove curse
Potions
 e - a potion of brilliance
 g - a potion of flight {unknown}
 k - a potion of lignification {unknown}
 l - a potion of agility {unknown}
 m - a potion of heal wounds {unknown}
 p - a potion of curing {unknown}
 q - a potion of degeneration {unknown}
 r - a potion of mutation {unknown}
 t - a potion of ambrosia {unknown}
Comestibles
 f - 5 rations
 u - 11 chunks of flesh


   Skills:
 - Level 3.5 Fighting
 + Level 6.7 Throwing
 - Level 2.9 Dodging
 - Level 1.2 Stealth


You had 5 spell levels left.
You didn't know any spells.

Dungeon Overview and Level Annotations

Branches:
Dungeon (3/15)

Altars:
Elyvilon
Uskayaw
Xom

Annotations:
D:3 Ijyb


Innate Abilities, Weirdness & Mutations

You cannot be hasted, slowed, berserked, paralysed or teleported.
You can dig through walls and to a lower floor.
Your four strong arms can wield two-handed weapons with a shield.
You have a pair of large antennae on your head. (SInv)


Message History

Firing (i - inventory. (,) - cycle):
h - 109 stones (quivered)
Press: ? - help, Shift-Dir - straight line, f/p - Ijyb
Aim: Ijyb, wielding a club and wearing a ring mail You shoot a stone.
The stone hits Ijyb but does no damage.
a - a +1 short sword (weapon)
An adder comes into view.
The adder hisses angrily.
You hit Ijyb but do no damage. Ijyb hits you but does no damage.
Ijyb hits you but does no damage.
You hit Ijyb.
Ijyb is moderately wounded.
Ijyb zaps a wand.
The bolt of acid hits you! The acid corrodes you!
You are splashed with acid!
The acid burns!
It is a wand of acid (11).
You puncture Ijyb!
Ijyb is heavily wounded.
Ijyb zaps a wand.
The bolt of acid hits you!
Ouch! That really hurt!
* * * LOW HITPOINT WARNING * * *
You are splashed with acid!
The acid burns!
You die...

....###....⌠....)⌠.....###...###
....##............S....###...#
....#..#.#.#.#.#.#.#.###...#.#
....#.##.........(...#.)...#...
...#..#########.....#.<#..###....
.....## #...###...#..## .#..
..).## ##.####......## .>.. ....#
##.(##.gS###...# ..#. ....#
#..##.@### ##.... .# ....#
#.#...## #.#.. ....# #.#.###
#.#... ...## ##...# .#..## ...#
####...## ##.# #......## ...#
#.......# ..#####..........
.##..........####


You could see Ijyb and an adder.

Vanquished Creatures
  2 sky beasts (D:2)
  A hound (D:2)
  A bullfrog skeleton (D:3)
  A worker ant (D:2)
  An adder (D:2)
  2 oozes
  A dart slug (D:3)
  A leopard gecko (D:2)
  6 orcs (D:3)
  3 ball pythons
  3 giant cockroaches
  7 goblins
  8 hobgoblins
  4 jackals (D:2)
  4 quokkas (D:3)
  7 bats
  3 frilled lizards (D:1)
  5 kobolds
  6 rats
66 creatures vanquished.

Notes
Turn   | Place    | Note
-------+----------+-------------------------------------------
     0 | D:1      | Leafsnail the Formicid Hunter began the quest for the Orb.
     0 | D:1      | Reached XP level 1. HP: 16/16 MP: 1/1
    61 | D:1      | Reached XP level 2. HP: 8/23 MP: 2/2
   532 | D:1      | Reached XP level 3. HP: 28/28 MP: 3/3
   950 | D:2      | Reached XP level 4. HP: 32/35 MP: 4/4
  1126 | D:2      | Found a shimmering altar of Xom.
  1214 | D:2      | Reached XP level 5. HP: 24/41 MP: 5/5
  1998 | D:2      | Found a hide-covered altar of Uskayaw.
  2004 | D:2      | Became a worshipper of Uskayaw the Reveler
  2131 | D:3      | Reached * piety under Uskayaw
  2137 | D:3      | Noticed a sky beast
  2142 | D:3      | Reached skill level 5 in Throwing
  2148 | D:3      | Reached ** piety under Uskayaw
  2151 | D:3      | Noticed a sky beast
  2159 | D:2      | Killed a sky beast
  2159 | D:2      | Reached XP level 6. HP: 34/47 MP: 3/6
  2327 | D:2      | Killed a sky beast
  2327 | D:2      | Reached skill level 6 in Throwing
  2620 | D:3      | Found a white marble altar of Elyvilon.
  2817 | D:3      | Noticed Ijyb
  3059 | D:3      | Splashed by Ijyb's acid

Skill      XL: |  1  2  3  4  5  6 |
---------------+-------------------+-----
Dodging        | 2 |  2.9
Fighting       | 3 |  3.5
Throwing       | 5 6 |  6.7
Stealth        | |  1.2

Action                   |  1- 3 |  4- 6 || total
-------------------------+-------+-------++-------
Melee: Short sword       |    73 |   137 ||   210
 Fire: Hunting sling     |       |    37 ||    37
Throw: Stone             |    34 |    17 ||    51
       Throwing net      |     1 |     4 ||     5
       Javelin           |       |     4 ||     4
Invok: Stomp             |       |     1 ||     1
  Use: Scroll            |     4 |     1 ||     5
       Potion            |       |     1 ||     1
 Stab: Held in net/web   |     1 |       ||     1
  Eat: Chunk             |       |     4 ||     4
       Ration            |       |     1 ||     1
Armor: Leather armour    |    20 |       ||    20
       Scale mail        |       |    74 ||    74
Dodge: Dodged            |    39 |    71 ||   110
